 Dungeon Crawl Stone Soup version 0.23.1 (webtiles) character file.

Game seed: 17521476992598570873

599 Jabberih the Martial Artist (level 7, -1/48 HPs)
             Began as a Merfolk Transmuter on Mar 14, 2019.
             Was an Initiate of Okawaru.
             Killed from afar by an orc wizard (6 damage)
             ... with a magic dart
             ... on level 4 of the Dungeon.
             The game lasted 00:16:44 (5206 turns).

Jabberih the Martial Artist (Merfolk Transmuter)    Turns: 5206, Time: 00:16:45

Health: -1/48      AC:  3    Str: 10    XL:     7   Next: 41%
Magic:  6/10       EV: 13    Int: 14    God:    Okawaru [......]
Gold:   235        SH:  0    Dex: 15    Spells: 0/10 levels left

rFire    . . .     SeeInvis .     - Unarmed
rCold    . . .     Gourm    .   (no shield)
rNeg     . . .     Faith    .   b - +1 robe
rPois    .         Spirit   .   (no helmet)
rElec    .         Reflect  .   (no cloak)
rCorr    .         Harm     .   (no gloves)
MR       .....                  (no boots)
Stlth    +.........             (no amulet)
HPRegen  0.16/turn              (no ring)
MPRegen  0.12/turn              (no ring)

@: very slightly contaminated
A: change form in water, swift swim, stealthy swim
a: Renounce Religion


You were on level 4 of the Dungeon.
You worshipped Okawaru.
Okawaru was noncommittal.
You were not hungry.

You visited 2 branches of the dungeon, and saw 5 of its levels.

You collected 235 gold pieces.

Inventory:

Hand Weapons
 h - a +0 club
Missiles
 e - 105 stones (quivered)
 f - 2 poisoned needles
 r - 5 tomahawks of dispersal
Armour
 b - a +1 robe (worn)
Magical Staves
 o - an uncursed staff of conjuration
Wands
 q - a wand of flame (15)
 t - a wand of iceblast (5)
Scrolls
 c - 2 scrolls of teleportation
 j - a scroll of enchant armour
 l - a scroll of identify {unknown}
 m - a scroll of immolation
Potions
 g - 2 potions of agility
 i - 2 potions of heal wounds {unknown}
 k - a potion of invisibility
 n - a potion of curing {unknown}
 s - a potion of might {unknown}
 u - 2 potions of ambrosia {unknown}
 v - 2 potions of flight {unknown}
Comestibles
 a - a chunk of flesh
 d - 9 rations


   Skills:
 - Level 1.1 Fighting
 - Level 2.6 Dodging
 - Level 8.0 Unarmed Combat
 - Level 2.0 Spellcasting
 + Level 5.9 Transmutations


You couldn't memorise any spells.
You knew the following spells:

 Your Spells              Type           Power        Failure   Level  Hunger
a - Beastly Appendage     Tmut           ###...       2%          1    ##.....
b - Sticks to Snakes      Tmut           ###.....     3%          2    ###....
c - Spider Form           Tmut/Pois      #.........   22%         3    ####...
d - Ice Form              Ice/Tmut       #.......     56%         4    #####..

Your spell library contained the following spells:

 Spells                   Type           Power        Failure   Level  Hunger
 Blade Hands              Tmut           ###.......   52%         5    ######.


Dungeon Overview and Level Annotations

Branches:
Dungeon (4/15)             Temple (1/1) D:4

Altars:
Ashenzari
Cheibriados
Kikubaaqudgha
Makhleb
Okawaru
Ru
Sif Muna
Trog
Vehumet
Xom
The Shining One


Message History

You barely miss the orc wizard.
The orc priest looks satisfied for a moment.
The orc wizard hits you with a +0 dagger.
You hit the orc wizard but do no damage.
The orc wizard is poisoned.
The orc wizard casts a spell at you. The magic dart hits you!
* * * LOW HITPOINT WARNING * * *
You hit the orc wizard but do no damage.
The orc wizard is moderately wounded.
The orc wizard completely misses you.
Your transformation has ended.
Your +1 robe unmelds from your body.
The orc wizard gestures at you while chanting.
The puff of flame hits you.
* * * LOW HITPOINT WARNING * * *
The orc wizard looks more healthy.
The orc wizard gestures at you while chanting.
The magic dart hits you.
You die... #.# #.....##.....# ##.## 8...8 #####.# ....# ##>## #####.###### ...##########.......oo.# #### #...##.##.##o####†# #####...##......o# #.# #.............##.# ooo

#.###...##.#####.#
.#.##
#.###.####.....@.##.#..
##.....#############
##. .....>.....##### .
...##..###.....# ..
...##..###.....#
...............#
....###.##.....# .#..#
#........#
....###.########


You could see 2 orc wizards.

Vanquished Creatures
  Sigmund (D:2)
  2 phantoms
  A crimson imp (D:4)
  A hound (D:4)
  An orc priest (D:4)
  Jessica (D:3)
  Robin (D:2)
  4 adders (D:2)
  2 worms
  2 dart slugs
  2 leopard geckos
  3 orcs (D:3)
  3 ball pythons
  15 bats
  3 giant cockroaches (D:2)
  16 goblins
  12 hobgoblins
  8 jackals (D:1)
  5 frilled lizards
  9 kobolds
  7 rats
99 creatures vanquished.

Notes
Turn   | Place    | Note
-------+----------+-------------------------------------------
     0 | D:1      | Jabberih the Merfolk Transmuter began the quest for the
                  | Orb.
     0 | D:1      | Reached XP level 1. HP: 15/15 MP: 3/3
   278 | D:1      | Reached XP level 2. HP: 16/21 MP: 3/5
   283 | D:1      | Reached skill level 4 in Unarmed Combat
   882 | D:1      | Learned a level 2 spell: Sticks to Snakes
   885 | D:1      | Reached XP level 3. HP: 10/26 MP: 2/6
  1798 | D:2      | Noticed a phantom
  2136 | D:2      | Killed a phantom
  2136 | D:2      | Reached skill level 6 in Unarmed Combat
  2136 | D:2      | Reached XP level 4. HP: 4/32 MP: 1/7
  2136 | D:2      | Reached XP level 5. HP: 5/37 MP: 1/8
  2428 | D:2      | Learned a level 3 spell: Spider Form
  2519 | D:2      | Noticed Robin
  2832 | D:2      | Killed Robin
  3165 | D:2      | Noticed Sigmund
  3177 | D:2      | Killed Sigmund
  3177 | D:2      | Reached skill level 7 in Unarmed Combat
  3177 | D:2      | Reached XP level 6. HP: 32/43 MP: 5/9
  3658 | D:2      | Reached skill level 8 in Unarmed Combat
  3815 | D:2      | Found a faded altar of an unknown god.
  3954 | D:3      | Noticed Jessica
  4198 | D:3      | Killed Jessica
  4692 | D:4      | Noticed a phantom
  4712 | D:4      | Killed a phantom
  4712 | D:4      | Reached XP level 7. HP: 40/48 MP: 4/10
  4760 | D:4      | Learned a level 4 spell: Ice Form
  4762 | D:4      | Found a staircase to the Ecumenical Temple.
  4828 | D:4      | Reached skill level 5 in Transmutations
  5041 | Temple   | Entered the Ecumenical Temple
  5068 | Temple   | Became a worshipper of Warmaster Okawaru
  5206 | D:4      | Killed from afar by an orc wizard

Skill      XL: |  1  2  3  4  5  6  7 |
---------------+----------------------+-----
Unarmed Combat | 4 6 7 8 |  8.0
Transmutations | 4 5 |  5.9
Fighting       | |  1.1
Dodging        | |  2.6
Spellcasting   | |  2.0

Action                   |  1- 3 |  4- 6 |  7- 9 || total
-------------------------+-------+-------+-------++-------
Melee: Unarmed           |   119 |   157 |    25 ||   301
       Headbutt          |    15 |    15 |     2 ||    32
       Punch             |     1 |     2 |       ||     3
Throw: Stone             |    13 |       |       ||    13
 Cast: Beastly Appendage |    28 |    26 |     1 ||    55
       Sticks to Snakes  |    12 |       |       ||    12
       Spider Form       |       |     8 |     3 ||    11
  Use: Potion            |     2 |       |       ||     2
       Scroll            |       |     7 |       ||     7
 Stab: Sleeping          |     1 |     1 |       ||     2
  Eat: Chunk             |     3 |     9 |     2 ||    14
       Ration            |     1 |       |       ||     1
Armor: Robe              |    25 |    15 |     2 ||    42
       Skin              |       |     2 |     1 ||     3
Dodge: Dodged            |    90 |   137 |    14 ||   241
